 Dungeon Crawl Stone Soup version 0.28.0 (webtiles) character file.

Game seed: 4736759775770302101

799 a3don the Chiller (level 7, 0/66 HPs)
             Began as a Troll Ice Elementalist on Feb 14, 2022.
             Slain by an ogre (22 damage)
             ... on level 4 of the Dungeon.
             The game lasted 00:03:40 (3201 turns).

a3don the Chiller (Troll Ice Elementalist)          Turns: 3201, Time: 00:03:41

Health: 0/66       AC:  5    Str: 17    XL:     7   Next: 59%
Magic:  3/9        EV: 10    Int: 13    God:
Gold:   148        SH:  0    Dex: 10    Spells: 7/11 levels left

rFire   . . .      SeeInvis .   c - +1 short sword (elec)
rCold   . . .      Faith    .   (no shield)
rNeg    . . .      Spirit   .   a - +0 robe
rPois   .          Reflect  .   (helmet restricted)
rElec   .          Harm     .   j - +0 cloak
rCorr   .          Rampage  .   (gloves unavailable)
Will    .....                   (boots unavailable)
Stlth   +.........              (no amulet)
HPRegen 1.01/turn               (no ring)
MPRegen 0.11/turn               (no ring)

@: freezing walls, very slightly contaminated
A: large, unfitting armour, claws 3, regeneration 1, shaggy fur 1, tough skin 1
a: no special abilities


You were on level 4 of the Dungeon.
You visited 1 branch of the dungeon, and saw 4 of its levels.

You collected 148 gold pieces.

Inventory:

Hand Weapons
 c - a +1 short sword of electrocution (weapon)
 i - a +2 short sword of draining
 u - a +3 antimagic rapier
 v - a +0 whip of freezing
Armour
 a - a +0 robe (worn)
 j - a +0 cloak (worn)
Magical Staves
 t - a staff of earth
Jewellery
 l - a ring of protection from fire
 m - a ring of see invisible
 q - an amulet of guardian spirit
Scrolls
 b - 4 scrolls of vulnerability {unknown}
 d - 2 scrolls of teleportation {unknown}
 f - a scroll of amnesia {unknown}
 k - 2 scrolls of identify {unknown}
 n - 3 scrolls of fog {unknown}
 o - 3 scrolls of magic mapping {unknown}
 p - a scroll of immolation {unknown}
 r - a scroll of blinking {unknown}
Potions
 e - 2 potions of attraction {unknown}
 g - 2 potions of mutation {unknown}
 h - 2 potions of curing {unknown}
 s - a potion of degeneration {unknown}


   Skills:
 + Level 2.8 Fighting
 + Level 3.3 Dodging
 - Level 1.0 Stealth
 + Level 3.8 Unarmed Combat
 + Level 2.6 Spellcasting
 + Level 4.1 Ice Magic


You had 7 spell levels left.
You knew the following spells:

 Your Spells              Type           Power      Damage    Failure   Level
a - Freeze                Ice            48%        1d7       4%          1
b - Frozen Ramparts       Ice            24%        1d4       13%         3

Your spell library contained the following spells:

 Spells                   Type           Power      Damage    Failure   Level
 Ozocubu's Armour         Ice            12%        N/A       13%         3
 Hailstorm                Conj/Ice       7%         3d4       71%         4


Dungeon Overview and Level Annotations

Branches:
Dungeon (4/15)
 Temple: D:4-7

Altars:

Shops:
D:2 [


Innate Abilities, Weirdness & Mutations

You are too large for most types of armour.
You have claws for hands.
Your natural rate of healing is unusually fast.
You are covered in fur. (AC +1)
You have tough skin. (AC +1)


Message History

The centaur misses you. The centaur hits you. The centaur closely misses you.
You hit the centaur.
The centaur is lightly wounded.
The centaur hits you. The centaur barely misses you.
You barely miss the centaur.
The centaur is lightly wounded.
The centaur hits you. The centaur barely misses you. The centaur hits you.
The centaur kicks you.
You hit the centaur but do no damage. Lightning courses through the centaur!
The centaur is heavily wounded.
The centaur hits you but does no damage.
The centaur barely misses you. The ogre closely misses you.
The centaur barely misses you. The centaur misses you.
You barely miss the centaur.
The centaur is heavily wounded.
The centaur closely misses you. The centaur kicks you.
The ogre hits you with a +0 giant club!
You are too injured to fight recklessly!
The centaur wields a +0 shortbow.
The centaur shoots an arrow.
The arrow hits you.
Things that are here:
a +0 dagger; 4 stones; a kobold corpse
Casting: Frozen Ramparts (dangerous; 13% risk of failure)
Confirm with . or Enter, or press ? or * to list all spells.
Casting: Frozen Ramparts (dangerous; 13% risk of failure)
Press: ? - help, Dir - look around, f - activate You miscast Frozen Ramparts.
You are very lightly contaminated with residual magic.
Nothing appears to happen.
The centaur shoots an arrow.
The arrow barely misses you.
You hear a shout!
Casting: Frozen Ramparts (dangerous; 13% risk of failure)
Confirm with . or Enter, or press ? or * to list all spells.
Casting: Frozen Ramparts (dangerous; 13% risk of failure)
Press: ? - help, Dir - look around, f - activate The walls around you are covered in ice.
You hear a shout!
The wall freezes the centaur.
The wall freezes the ogre.
The ogre hits you with a +0 giant club!!
You die...

#.###.###.#
#...#..##.# .##
###.##.##.#####
...
....##[##.....# >.
######.....##.# ..
###......####.##
#............#
#.....#####..#
#.....'..@Oc.#
#.....######......
#.....# #....
#.....# ###
#.....# #.....#
#.....# #.....#
#.....#


You could see an ogre and a centaur.

Vanquished Creatures
  Pikel (D:4)
  Eustachio (D:3)
  A phantom (D:4)
  2 lemures (D:4)
  An iguana (D:4)
  5 adders
  An adder zombie (D:4)
  A worm (D:2)
  3 dart slugs
  3 orcs (D:3)
  5 ball pythons
  4 bats
  6 endoplasms
  3 giant cockroaches
  9 goblins
  5 hobgoblins
  10 jackals
  8 kobolds
  A quokka (D:2)
  A frilled lizard (D:2)
  5 rats (D:3)
76 creatures vanquished.

Notes
Turn   | Place    | Note
-------+----------+-------------------------------------------
     0 | D:1      | a3don the Troll Ice Elementalist began the quest for the
                  | Orb.
     0 | D:1      | Reached XP level 1. HP: 16/16 MP: 1/1
    36 | D:1      | Reached skill level 3 in Ice Magic
    98 | D:1      | Reached XP level 2. HP: 23/26 MP: 2/2
   570 | D:1      | Reached skill level 1 in Unarmed Combat
   892 | D:2      | Reached XP level 3. HP: 32/32 MP: 4/4
  1203 | D:2      | Learned a level 3 spell: Frozen Ramparts
  1276 | D:2      | Found Kiaj's Armour Boutique.
  1319 | D:2      | Reached skill level 1 in Fighting
  1399 | D:2      | Reached XP level 4. HP: 35/41 MP: 5/5
  2424 | D:3      | Found a faded altar of an unknown god.
  2846 | D:4      | Noticed a phantom
  2856 | D:4      | Noticed Eustachio
  2867 | D:3      | Killed Eustachio
  2868 | D:3      | Reached XP level 5. HP: 22/49 MP: 0/7
  2868 | D:3      | Reached XP level 6. HP: 26/57 MP: 0/8
  3091 | D:4      | Noticed Pikel
  3107 | D:4      | Killed Pikel
  3108 | D:4      | Reached skill level 4 in Ice Magic
  3108 | D:4      | Reached XP level 7. HP: 59/66 MP: 3/9
  3201 | D:4      | Slain by an ogre

Illustrated notes

Levels and vault maps discovered:
D:1:      wander_arrival_peaceful_grave, layout_basic, minmay_tree_intersection,
          nicolae_figureground_sparkle
D:2:      minmay_skewed_foursquare, layout_rooms, serial_shops, shop,
          serial_bayou, serial_bayou_pond_e, serial_bayou_lagoon_b,
          serial_bayou_lagoon_a, serial_bayou_pond_e, serial_bayou_pond_b,
          nicolae_elevator_lobby_asterisk
D:3:      layout_loops_ring, dreamdust_ecumenical_altar_grove,
          minmay_misc_feat_five, kennysheep_generic_room_3
D:4:      layout_basic, uniq_crazy_yiuf_cottage, uniq_eustachio, uniq_pikel,
          uniq_menkaure, uniq_natasha

Skill      XL: |  1  2  3  4  5  6 |
---------------+-------------------+-----
Ice Magic      | 3 4 |  4.1
Unarmed Combat | 1 2 3 |  3.8
Fighting       | 1 2 |  2.8
Dodging        | 2 3 |  3.3
Spellcasting   | 2 |  2.6
Stealth        | |  1.0

Action                   |  1- 3 |  4- 6 |  7- 9 || total
-------------------------+-------+-------+-------++-------
Melee: Short sword       |    65 |   158 |     7 ||   230
       Unarmed           |     4 |       |       ||     4
       Punch             |       |     5 |       ||     5
 Cast: Frozen Ramparts   |       |     3 |     1 ||     4
 Stab: Sleeping          |     2 |       |       ||     2
Armor: Robe              |    28 |    61 |     2 ||    91
Dodge: Dodged            |    33 |   114 |    11 ||   158
